 Dungeon Crawl Stone Soup version 0.23.2-1-ga50397a6bc (webtiles) character file.

Game seed: 1442261290266261016

42 Ethylacetat the Cudgeler (level 3, -2/32 HPs)
             Began as a Naga Gladiator on May 9, 2019.
             Slain by a frilled lizard (3 damage)
             ... on level 2 of the Dungeon.
             The game lasted 00:02:19 (1388 turns).

Ethylacetat the Cudgeler (Naga Gladiator)           Turns: 1388, Time: 00:02:20

Health: -2/32      AC:  3    Str: 16    XL:     3   Next: 56%
Magic:  3/3        EV: 10    Int:  8    God:
Gold:   37         SH:  0    Dex: 13    Spells: 2/2 levels left

rFire    . . .     SeeInvis +   a - +0 flail
rCold    . . .     Gourm    .   (no shield)
rNeg     . . .     Faith    .   b - +0 leather armour
rPois    +         Spirit   .   c - +0 helmet
rElec    .         Reflect  .   (no cloak)
rCorr    .         Harm     .   (no gloves)
MR       .....                  (no barding)
Stlth    +.........             (no amulet)
HPRegen  0.10/turn              h - ring of flight
MPRegen  0.08/turn              (no ring)

@: short of breath, very slow
A: large, see invisible, deformed body, poison resistance, slowness 2, slow
metabolism 1, spit poison 1, AC +1
a: Spit Poison, Evoke Flight


You were on level 2 of the Dungeon.
You were not hungry.

You visited 1 branch of the dungeon, and saw 2 of its levels.

You collected 37 gold pieces.

Inventory:

Hand Weapons
 a - a +0 flail (weapon)
Missiles
 d - 2 throwing nets (quivered)
Armour
 b - a +0 leather armour (worn)
 c - a +0 helmet (worn)
 i - a +0 shield
 o - a +0 buckler
Jewellery
 h - a ring of flight (left hand)
Scrolls
 e - a scroll of noise {unknown}
 g - a scroll of amnesia {unknown}
 j - a scroll of fog {unknown}
 p - a scroll of identify {unknown}
Potions
 k - a potion of curing {unknown}
 l - a potion of haste {unknown}
 m - a potion of agility {unknown}
Comestibles
 f - 4 rations
 n - a chunk of flesh


   Skills:
 + Level 2.3 Fighting
 * Level 3.7 Maces & Flails
 - Level 1.7 Throwing
 - Level 0.2 Armour
 - Level 2.7 Dodging
 + Level 0.6 Shields


You had 2 spell levels left.
You didn't know any spells.
Your spell library was empty.

Dungeon Overview and Level Annotations

Branches:
Dungeon (2/15)

Altars:


Innate Abilities, Weirdness & Mutations

You cannot wear boots.
Your serpentine skin is tough. (AC +1)
You have supernaturally acute eyesight. (SInv)
Armour fits poorly on your strangely shaped body.
Your system is resistant to poisons. (rPois)
You cover ground very slowly.
You have a slow metabolism.
You can spit poison.


Message History

The frilled lizard barely misses you.
You hit the sky beast.
The sky beast is moderately wounded.
You have got your breath back.
The sky beast struggles against the net.
The frilled lizard bites you.
* * * LOW HITPOINT WARNING * * *
Press: ? - help, Shift-Dir - straight line, f/p - sky beast
Aim: a sky beast (moderately wounded, entangled in a net)
The splash of poison hits the sky beast.
The sky beast is poisoned.
The sky beast is heavily wounded.
You feel slightly more hungry.
The frilled lizard completely misses you.
The sky beast struggles against the net.
The sky beast struggles against the net.
The net rips apart, and the sky beast comes free!
The sky beast flickers out of sight for a moment.
The frilled lizard bites you.
You die...

##.............##
................# .#
................# .##
................# ...##
..........^.....# ....#
................# ......
...............####...>..
..............###Y.......
###..รท.#.###..##@l##..#
######...#............#
...<.......##########..#
...........# ..
######.....# ####.....#
#........# #........#
##.......#


You could see a sky beast (invisible) and a frilled lizard.

Vanquished Creatures
  An adder (D:2)
  A leopard gecko (D:1)
  A giant cockroach (D:1)
  3 goblins
  7 hobgoblins
  A quokka (D:2)
  4 bats (D:1)
  A frilled lizard (D:1)
  9 kobolds
  3 rats
31 creatures vanquished.

Notes
Turn   | Place    | Note
-------+----------+-------------------------------------------
     0 | D:1      | Ethylacetat the Naga Gladiator began the quest for the Orb.
     0 | D:1      | Reached XP level 1. HP: 19/19 MP: 1/1
   369 | D:1      | Reached XP level 2. HP: 26/26 MP: 2/2
   877 | D:1      | Reached XP level 3. HP: 28/32 MP: 3/3
  1379 | D:2      | Noticed a sky beast
  1386 | D:2      | HP: 1/32 [frilled lizard (2)]
  1388 | D:2      | Slain by a frilled lizard

Action                   || total
-------------------------++-------
Melee: Flail             ||    82
Throw: Throwing net      ||     1
 Abil: Spit Poison       ||     3
 Stab: Held in net/web   ||     1
  Eat: Chunk             ||     1
Armor: Leather armour    ||    22
Dodge: Dodged            ||    52
